Workbook

Sheet METODOLOGÍA DE EVALUACIÓN
B2: CONSEJO SUPERIOR DE LA JUDICATURA
B4: FORMATO No. 3 EVALUACIÓN DE LAS CONDICIONES TÉCNICAS ADICIONALES
B5: METODOLOGÍA DE EVALUACIÓN - APLICABLE A TODAS LAS PÓLIZAS
B6: El Asegurado precisa que las condiciones, coberturas, cláusulas, límites y/o plazo indicados a continuación no son de obligatorio ofrecimiento y las aseguradoras participantes tienen la postedad de decidir su ofrecimiento. Para su evaluación se considerarán los siguientes criterios que corresponden a los generales aplicables, por lo tanto en el caso que se estipulen criterios particulares dentro del contenido de las condiciones, estos primarán sobre los generales: Las aseguradoras deben tener en cuenta que el ofrecimiento de condiciones que presten beneficio a la Entidad adicionales a las relacionadas en cada póliza pero que son en exceso a las mismas; no serán objeto de asignación de puntaje adicional a esos exceso y solo evaluables con base en los criterios que esten definidos en cada condición, no obstante la presentación de éstas obliga a la Aseguradora a su otorgamiento en caso de que el contrato le sea adjudicado y el oferente con la firma de la propuesta acepta esta condición.
B7: CONDICIONES ADICIONALES QUE CONTIENEN SOLO TEXTO: | D7: Se otorgará el máximo puntaje asignado a las propuestas que las ofrezcan con el mismo texto y bajo las mismas condiciones o en condiciones superiores en beneficio de la Entidad. Las propuestas que modifiquen el texto, sin que ello conlleve a la pérdida de la aplicabilidad y/u operatividad de la condición, se le asignará el 50% del puntaje y las propuestas que no las ofrezcan se calificarán con cero (0) puntos.
B8: CONDICIONES ADICIONALES QUE APLIQUEN PARA OFERTAS DE LÍMITES Y/O VALORES FIJOS QUE SE REGISTREN EN TABLAS Y/O CONTENGAN RANGOS Y/O VALORES CON BASE EN LOS CUALES SE DEBE EFECTUAR EL OFRECIMIENTO. | D8: Las aseguradoras deben tener en cuenta: 1. Para acceder a calificación, el oferente deberá registrar en forma expresa y de manera clara, el valor y/o límite que ofrece. En aquellos casos que se exprese valores en COL$ o en SMMLV para realizar una evaluación equitativa, se podrá homologar el ofrecimiento a alguna de las dos constantes COL$ o SMMLV. 2. Se otorga el máximo puntaje a la propuesta que dentro del rango o tabla se aproxime al máximo sublímite o plazo requerido y las demas ofertas se calificaran en forma proporcional a la propuesta calificada con el máximo puntaje. 3. En el caso de presentar propuesta por un valor y/o límite diferente al establecido en los rangos de la tabla, se tomará para la asignación de puntaje, el monto y/o límite del rango inmediatamente anterior al del valor ofrecido y el oferente acepta esta condición con la firma de la oferta y, de ser adjudicada la propuesta, expedirá la póliza con el valor indicado en la propuesta.
B9: CONDICIONES ADICIONALES | D9: NOTA: Las aseguradoras deben señalar expresamente en su propuesta las Condiciones Adicionales que ofrece especificando los límites, periodos y demás información necesaria para su evaluación de acuerdo con las condiciones de cada una de ellas, en caso que manifieste "SE OTORGA" ó "SI" u otra expresión que implica que si esta otorgando la condición, pero no está especificado, se entenderá que las mismas fueron ofrecidas al máximo límite, sublímite o periodos o plazos y por lo tanto se asignará el mayor puntaje de esta condición, al límite, sublímite o períodos o plazos requerido y de ser adjudicada la propuesta, la aseguradora expedirá la póliza con las condiciones máximas exigidas de ese criterio en particular.
G10: VERSIÓN: OCT 2026

Sheet 1. COND ADIC. TRDMC
B3: =+'METODOLOGÍA DE EVALUACIÓN'!B2:G2 -> CONSEJO SUPERIOR DE LA JUDICATURA
B5: EVALUACIÓN DE LAS CONDICIONES TÉCNICAS ADICIONALES
B6: 1. SEGURO DE TODO RIESGO DAÑOS MATERIALES COMBINADOS
B7: OBJETO DEL SEGURO
B8: Amparar, bajo la modalidad de Todo Riesgo Daños Materiales, las pérdidas, daños materiales o desaparición que sufran los bienes e intereses de propiedad del CONSEJO SUPERIOR DE LA JUDICATURA, así como aquellos por los cuales sean o lleguen a ser legalmente responsables, ubicados en cualquier parte de territorio nacional o internacional, por cualquier causa no expresamente excluida en este Anexo Técnico. Las exclusiones serán taxativas y de interpretación restrictiva.
B9: INFORMACIÓN GENERAL:
B10: TOMADOR: | C10: =+B3 -> CONSEJO SUPERIOR DE LA JUDICATURA | F10: NIT | G10: 800.093.816-3
B11: ASEGURADO: | C11: =+C10 -> CONSEJO SUPERIOR DE LA JUDICATURA | F11: =+F10 -> NIT | G11: =+G10 -> 800.093.816-3
B12: BENEFICIARIO: | C12: =+C10 -> CONSEJO SUPERIOR DE LA JUDICATURA | F12: =+F11 -> NIT | G12: =+G10 -> 800.093.816-3
B13: NOTA: | C13: LOS SUBLÍMITES Y GASTOS INDICADOS APLICAN DE MANERA COMBINADA PARA LA TOTALIDAD DE LOS BIENES ASEGURADOS Y SE ENTIENDEN COMPRENDIDOS DENTRO DEL VALOR ASEGURADO. SE EXCEPTÚAN: GASTOS PARA LA ADECUACIÓN DE SUELOS Y TERRENOS, LA CLÁUSULA DE ADECUACIÓN DE CONSTRUCCIONES A LAS NORMAS DE SISMO RESISTENCIA, LOS GASTOS ADICIONALES Y LOS GASTOS EXTRAORDINARIOS, LOS CUALES OPERARÁN EN EXCESO DE DICHA SUMA.
B14: CRITERIOS DE EVALUACIÓN:
B15: CONDICIÓN REQUERIDA PARA EVALUACIÓN | D15: CRITERIO DE EVALUACIÓN | E15: PUNTAJE ESTABLECIDO | F15: OFRECIMIENTO DEL PROPONENTE | G15: PUNTAJE OBTENIDO POR EL PROPONENTE
B16: ACTOS MAL INTENCIONADOS DE TERCEROS ASONADA, MOTÍN, CONMOCIÓN CIVIL O POPULAR Y HUELGA (INCLUIDO TERRORISMO Y SABOTAJE). Sublímite de $60.000.000.000 evento / (vigencia 1.4.3. ANEXO 1). Se califica únicamente sublímites adicionales superiores a $5.000.000.000 | D16: Se califica el aumento adicional del sublímite SIN COBRO DE PRIMA ADICIONAL | E16: 5
B17: HURTO Y HURTO CALIFICADO Sublímite de $20.000.000.000 evento / (vigencia 1.4.3. ANEXO 1). Se califica únicamente sublímites adicionales superiores a $2.000.000.000 | D17: Se califica el aumento adicional del sublímite SIN COBRO DE PRIMA ADICIONAL | E17: 5
B18: GASTOS ADICIONALES. Sublímite por la suma de $20.000.000.000 (vigencia 1.4.3. ANEXO 1.), en exceso del valor asegurado, sin aplicación de deducible y combinado para los gastos y coberturas del Anexo 1. Se califica únicamente sublímites adicionales superiores a $2.000.000.000 | D18: Se califica el aumento adicional del sublímite SIN COBRO DE PRIMA ADICIONAL | E18: 4
B19: GASTOS EXTRAORDINARIOS. Sublímite por la suma de $15.000.000.000, en exceso del valor asegurado, sin aplicación de deducible Se califica únicamente sublímites adicionales superiores a $2.000.000.000 | D19: Se califica el aumento adicional del sublímite SIN COBRO DE PRIMA ADICIONAL | E19: 4
B20: GASTOS PARA LA ADECUACIÓN DE SUELOS Y TERRENOS Sublímite $42.000.000.000 Se califica el ofrecimiento adicional a partir de $1.000.000.000. | D20: Se califica el aumento adicional del sublímite ofrecido | E20: 2
B21: CLÁUSULA DE ADECUACIÓN DE CONSTRUCCIONES A LAS NORMAS DE SISMO RESISTENCIA Sublímite del 5% del valor asegurado total de Edificios | D21: Se califica el aumento adicional del porcentaje ofrecido | E21: 2
B22: ANTICIPO DE INDEMNIZACIÓN DEL 50%. NOTA: Si el aumento adicional del porcentaje de anticipo es condicionado a la demostración de la ocurrencia y cuantía, se califica con cero (0) puntos este factor. Se califica porcentajes adicionales superior al 10% | D22: Se califica el aumento adicional del porcentaje ofrecido. Bajo la definición del texto de la condición obligatoria y sin estar condicionada a la demostración de ocurrencia y cuantía. | E22: 3
B23: RENUNCIA A LA APLICACIÓN DE SEGURO INSUFICIENTE Y/O INFRASEGURO 20% Se califica porcentajes adicionales superior al 5% | D23: Se califica en Condiciones Adicionales el aumento adicional del porcentaje ofrecido. | E23: 3
B24: AUTORIZACIÓN EXPRESA AL ASEGURADO PARA ATENCIÓN DE DAÑOS POR SINIESTROS CUYO VALOR NO EXCEDA $500.000.000. Se califica el ofrecimiento adicional a partir de $50.000.000. | D24: Se califica el aumento adicional del sublímite para la autorización expresa para la atención de siniestros. | E24: 2
B25: MÁXIMO CALIFICACIÓN | E25: =SUM(E16:E24) -> 30 | F25: CALIFICACIÓN DEL PROPONENTE | G25: =SUM(G16:G24) -> 0
G26: =+'METODOLOGÍA DE EVALUACIÓN'!G10 -> VERSIÓN: OCT 2026

Sheet 2. COND ADIC. MANEJO GLOBAL
B3: =+'1. COND ADIC. TRDMC'!B3:G3 -> CONSEJO SUPERIOR DE LA JUDICATURA
B5: EVALUACIÓN DE LAS CONDICIONES TÉCNICAS ADICIONALES
B6: 2. SEGURO GLOBAL DE MANEJO PARA ENTIDADES OFICIALES
B7: OBJETO DEL SEGURO
B8: Amparar el menoscabo que sufran los fondos, valores y bienes de propiedad, bajo tenencia, control y/o responsabilidad del CONSEJO SUPERIOR DE LA JUDICATURA, ocasionado por empleados, funcionarios, servidores, sus reemplazos y demás personas comprendidas en la definición de trabajador o empleado de esta póliza, por actos que se tipifiquen como delitos contra la administración pública o fallos con responsabilidad fiscal, de conformidad con las coberturas y condiciones del presente anexo. La cobertura no estará condicionada a la existencia de sentencia penal o fallo fiscal cuando la ocurrencia y cuantía de la pérdida se encuentren acreditadas conforme al contrato y a la ley.
B9: INFORMACIÓN GENERAL:
B10: TOMADOR: | C10: =+B3 -> CONSEJO SUPERIOR DE LA JUDICATURA | F10: NIT. | G10: =+'1. COND ADIC. TRDMC'!G10 -> 800.093.816-3
B11: ASEGURADO: | C11: =+C10 -> CONSEJO SUPERIOR DE LA JUDICATURA | F11: NIT. | G11: =+G10 -> 800.093.816-3
B12: BENEFICIARIO: | C12: =+C10 -> CONSEJO SUPERIOR DE LA JUDICATURA | F12: NIT. | G12: =+G10 -> 800.093.816-3
B13: NOTA: | C13: CADA SUBLÍMITE O GASTOS OFRECIDOS EN FORMA ADICIONAL QUEDA CONTEMPLADO DENTRO DEL LÍMITE ASEGURADO.
B14: CRITERIOS DE EVALUACIÓN:
B15: CONDICIÓN REQUERIDA PARA EVALUACIÓN | D15: CRITERIO DE EVALUACIÓN | E15: PUNTAJE ESTABLECIDO | F15: OFRECIMIENTO DEL OFERENTE | G15: PUNTAJE OBTENIDO POR EL OFERENTE
B16: INCREMENTO DEL LÍMITE BÁSICO PARA LA COBERTURA DE MANEJO GLOBAL. LÍMITE $1.700.000.000 (vigencia 2.3.2.) ANEXO 1. Se califica únicamente sublímites adicionales superiores a $100.000.000 | D16: Se califica el aumento adicional del límite asegurado. SIN COBRO DE PRIMA ADICIONAL | E16: 8
B17: INCREMENTO DEL LÍMITE BÁSICO PARA LA COBERTURA DE LOS DEPOSITOS JUDICIALES $500.000.000 (vigencia 2.3.2.) ANEXO 1. Se califica únicamente sublímites adicionales superiores a $50.000.000 | D17: Se califica el aumento adicional del límite asegurado. SIN COBRO DE PRIMA ADICIONAL | E17: 8
B18: GASTOS ADICIONALES: 10%. Se califica únicamente sublímites adicionales superiores al 10% | D18: Se califica el aumento adicional del porcentaje ofrecido. Bajo la definición del texto de la condición obligatoria | E18: 3
B19: HONORARIOS PROFESIONALES DE ABOGADOS, CONSULTORES, AUDITORES, INTERVENTORES, ETC: 10%. Se califica únicamente sublímites adicionales superiores al 10% | D19: Se califica el aumento adicional del porcentaje ofrecido. Bajo la definición del texto de la condición obligatoria | E19: 3
B20: COSTAS EN JUICIO, HONORARIOS PROFESIONALES Y SELECCIÓN DE PROFESIONALES PARA LA DEFENSA.: 10%. Se califica únicamente sublímites adicionales superiores al 10% | D20: Se califica el aumento adicional del porcentaje ofrecido. Bajo la definición del texto de la condición obligatoria | E20: 3
B21: ANTICIPO DE INDEMNIZACIÓN DEL 75%. NOTA: Si el aumento adicional del porcentaje de anticipo es condicionado a la demostración de la ocurrencia y cuantía, se califica con cero (0) puntos este factor. Se califica porcentajes adicionales superior al 10% | D21: Se califica el aumento adicional del porcentaje ofrecido. Bajo la definición del texto de la condición obligatoria y sin estar condicionada a la demostración de ocurrencia y cuantía. | E21: 2
B22: CLAUSULA DE LÍMITE AGREGADO DE INDEMNIZACIÓN PARA MANEJO. Sublímite $100.000.000 (vigencia 2.3.2.) ANEXO 1. Se califica sublímites adicionales superiores a $10.000.000 | D22: Se califica el aumento adicional del sublímite SIN COBRO DE PRIMA ADICIONAL | E22: 3
B23: MÁXIMO CALIFICACIÓN | E23: =SUM(E16:E22) -> 30 | F23: CALIFICACIÓN DEL OFERENTE | G23: =SUM(G16:G22) -> 0
G24: =+'METODOLOGÍA DE EVALUACIÓN'!G10 -> VERSIÓN: OCT 2026

Sheet 3. COND ADIC. RCE
B3: =+'METODOLOGÍA DE EVALUACIÓN'!B2:G2 -> CONSEJO SUPERIOR DE LA JUDICATURA
B5: EVALUACIÓN DE LAS CONDICIONES TÉCNICAS ADICIONALES
B7: 3. SEGURO DE RESPONSABILIDAD CIVIL EXTRACONTRACTUAL
B8: OBJETO DEL SEGURO
B9: Amparar los perjuicios patrimoniales y extrapatrimoniales que cause el CONSEJO SUPERIOR DE LA JUDICATURA (CSJ), como consecuencia de la Responsabilidad Civil Extracontractual originada dentro o fuera de sus instalaciones, en el desarrollo de sus actividades o en lo relacionado con ella, lo mismo que los actos de sus empleados y funcionarios o el personal para el apoyo a la gestión administrativa dentro y fuera del territorio nacional o por bienes que se encuentren bajo tenencia, control y/o responsabilidad . Nota: Se entenderán como terceros todos los servidores públicos, empleados y funcionarios permanentes, o temporales, o estudiantes en práctica o pasantias, o contratistas, o subcontratistas, o de personas voluntarias que presten servicios al asegurado, incluyendo miembros de las Directivas y cada una de las personas que circulen, ingresen, accedan o se encuentren en los predios de asegurado o por los cuales es responsable en su aseguramiento, independientemente que el asegurado le esté prestando un servicio objeto de su razón social.
B10: INFORMACIÓN GENERAL:
B11: TOMADOR: | C11: =+B3 -> CONSEJO SUPERIOR DE LA JUDICATURA | G11: NIT. | H11: =+'1. COND ADIC. TRDMC'!G10 -> 800.093.816-3
B12: ASEGURADO: | C12: =+C11 -> CONSEJO SUPERIOR DE LA JUDICATURA | G12: NIT. | H12: =+H11 -> 800.093.816-3
B13: BENEFICIARIOS: | C13: TERCEROS AFECTADOS
B14: NOTA: | C14: CADA SUBLÍMITE O GASTOS OFRECIDOS EN FORMA ADICIONAL QUEDA CONTEMPLADO DENTRO DEL LÍMITE ASEGURADO.
B15: CRITERIOS DE EVALUACIÓN:
B16: CONDICIÓN REQUERIDA PARA EVALUACIÓN | E16: CRITERIO DE EVALUACIÓN | F16: PUNTAJE ESTABLECIDO | G16: OFRECIMIENTO DEL OFERENTE | H16: PUNTAJE OBTENIDO POR EL OFERENTE
B17: INCREMENTO DEL LÍMITE BÁSICO PARA LA COBERTURA DE RESPONSABILIDAD CIVIL EXTRACONTRACTUAL $8.000.000.000 (vigencia 3.4.1.) ANEXO 1. Se califica únicamente sublímites adicionales superiores a $500.000.000 | E17: Se califica el aumento adicional del límite asegurado. SIN COBRO DE PRIMA | F17: 12
B18: GASTOS MÉDICOS (sin aplicación de deducibles). Sublímite $200.000.000 evento / $1.000.000.000 (vigencia 3.4.1.) ANEXO 1. | E18: Se califica el aumento adicional del límite asegurado. SIN COBRO DE PRIMA, así:
B19: EVENTO: Se califica únicamente sublímites adicionales superiores a $20.000.000 | E19: Se califica el aumento adicional del sublímite evento. | F19: 3
B20: VIGENCIA: Se califica únicamente sublímites adicionales superiores a $100.000.000 | E20: Se califica el aumento adicional del sublímite (vigencia 3.4.1.) ANEXO 1. | F20: 3
B21: RESPONSABILIDAD CIVIL PATRONAL Sublímite de 10% del valor asegurado (vigencia 3.4.1.) ANEXO 1. Se califica únicamente sublímites adicionales superiores al 10% | E21: Se califica el aumento adicional del porcentaje del sublímite | F21: 3
B22: ANTICIPO DE INDEMNIZACIÓN DEL 60%. NOTA: Si el aumento adicional del porcentaje de anticipo es condicionado a la demostración de la ocurrencia y cuantía, se califica con cero (0) puntos este factor. Se califica porcentajes adicionales superior al 10% | E22: Se califica el aumento adicional del porcentaje ofrecido. Bajo la definición del texto de la condición obligatoria y sin estar condicionada a la demostración de ocurrencia y cuantía. | F22: 3
B23: RESPONSABILIDAD CIVIL DERIVADA DE ACTOS TERRORISTAS La aseguradora bajo este amparo se obliga a cubrir los perjuicios patrimoniales y extrapatrimoniales derivados de actos terroristas que le sea imputable por su misionalidad | E23: Se califica el porcentaje del sublímite otorgado | F23: 3
B24: Sublímite mayor al 15% y hasta el 30%: | D24: 1.5
B25: Sublímite mayor al 30% y hasta el 60%: | D25: =1.125*2 -> 2.25
B26: Sublímite mayor al 60% y hasta el 100%: | D26: 3
B27: RESPONSABILIDAD CIVIL DERIVADA DE ACTOS DE LA NATURALEZA La aseguradora bajo este amparo se obliga a cubrir los perjuicios patrimoniales y extrapatrimoniales derivados de actos de la naturaleza. | E27: Se califica el porcentaje del sublímite otorgado | F27: 3
B28: Sublímite mayor al 15% y hasta el 30%: | D28: 1.5
B29: Sublímite mayor al 30% y hasta el 60%: | D29: =1.125*2 -> 2.25
B30: Sublímite mayor al 60% y hasta el 100%: | D30: 3
B31: MÁXIMO CALIFICACIÓN | F31: =SUM(F17:F30) -> 30 | G31: CALIFICACIÓN DEL OFERENTE | H31: =SUM(H17:H30) -> 0
H32: =+'METODOLOGÍA DE EVALUACIÓN'!G10 -> VERSIÓN: OCT 2026

Sheet 4. COND ADIC. TRANSP VALORES
B3: =+'METODOLOGÍA DE EVALUACIÓN'!B2:G2 -> CONSEJO SUPERIOR DE LA JUDICATURA
B5: EVALUACIÓN DE LAS CONDICIONES TÉCNICAS ADICIONALES
B7: 4. SEGURO DE TRANSPORTE DE VALORES
B8: OBJETO DEL SEGURO
B9: Amparar las pérdidas y los daños materiales causados como consecuencia de los eventos descritos en la presente póliza, que afecten el transporte de dinero en efectivo, títulos valores, cheques y cualquier otro documento propiedad del asegurado. Esta cobertura incluye las movilizaciones realizadas por funcionarios en comisión y delegados del manejo de cajas menores, respecto de los bienes descritos, por los cuales el CONSEJO SUPERIOR DE LA JUDICATURA sea o deba ser legalmente responsable, se encuentren bajo su propiedad, tenencia, control y/o responsabilidad.
B10: INFORMACIÓN GENERAL:
B11: TOMADOR: | C11: =+B3 -> CONSEJO SUPERIOR DE LA JUDICATURA | G11: NIT. | H11: =+'1. COND ADIC. TRDMC'!G10 -> 800.093.816-3
B12: ASEGURADO: | C12: =+C11 -> CONSEJO SUPERIOR DE LA JUDICATURA | G12: NIT. | H12: =+H11 -> 800.093.816-3
B13: BENEFICIARIO: | C13: =+C11 -> CONSEJO SUPERIOR DE LA JUDICATURA | G13: NIT. | H13: =+H11 -> 800.093.816-3
B14: NOTA: | C14: CADA SUBLÍMITE O GASTOS OFRECIDOS EN FORMA ADICIONAL QUEDA CONTEMPLADO DENTRO DEL LÍMITE ASEGURADO.
B15: CRITERIOS DE EVALUACIÓN:
B16: CONDICIÓN REQUERIDA PARA EVALUACIÓN | D16: PUNTOS | E16: CRITERIO DE EVALUACIÓN | F16: PUNTAJE ESTABLECIDO | G16: OFRECIMIENTO DEL OFERENTE | H16: PUNTAJE OBTENIDO POR EL OFERENTE
B17: ANTICIPO DE INDEMNIZACIÓN DEL 50%. NOTA: Si el aumento adicional del porcentaje de anticipo es condicionado a la demostración de la ocurrencia y cuantía, se califica con cero (0) puntos este factor. Se califica porcentajes adicionales superior al 10% | E17: Se califica el aumento adicional del porcentaje ofrecido. Bajo la definición del texto de la condición obligatoria y sin estar condicionada a la demostración de ocurrencia y cuantía. | F17: 15
B18: COMPROMISO PARA EL PAGO DE LAS INDEMNIZACIONES Plazo de diez (10) días hábiles. | E18: Se califica el menor número de días hábiles una vez demostrada ocurrencia y cuantía. | F18: 15
B19: MÁXIMO CALIFICACIÓN | F19: =SUM(F17:F18) -> 30 | G19: CALIFICACIÓN DEL OFERENTE | H19: =SUM(H17:H18) -> 0
H20: =+'METODOLOGÍA DE EVALUACIÓN'!G10 -> VERSIÓN: OCT 2026

Sheet 5. COND ADIC. TRANSP MCÍAS
B3: =+'METODOLOGÍA DE EVALUACIÓN'!B2:G2 -> CONSEJO SUPERIOR DE LA JUDICATURA
B5: EVALUACIÓN DE LAS CONDICIONES TÉCNICAS ADICIONALES
B7: 5. SEGURO DE TRANSPORTE DE MERCANCÍAS
B8: OBJETO DEL SEGURO
B9: La Compañía se obliga a indemnizar al CONSEJO SUPERIOR DE LA JUDICATURA, por las pérdidas de bienes (nuevos y/o usados) o los daños materiales que sufran los objetos asegurados con ocasión de los riesgos inherentes a su transporte, movilización, cargue, descargue y estadías intermedias, siempre que dichos eventos ocurran dentro de las vigencias y trayectos amparados bajo los términos y condiciones de la presente póliza. La cobertura de esta póliza automática se extiende a todos los bienes muebles, mercancías, enseres, equipos y elementos de propiedad del CSJ, o que estén bajo su cuidado, tenencia, control, o por los cuales sea legalmente responsable, o en los que tenga interés asegurable
B10: INFORMACIÓN GENERAL:
B11: TOMADOR: | C11: =+B3 -> CONSEJO SUPERIOR DE LA JUDICATURA | G11: NIT. | H11: =+'1. COND ADIC. TRDMC'!G10 -> 800.093.816-3
B12: ASEGURADO: | C12: =+B3 -> CONSEJO SUPERIOR DE LA JUDICATURA | G12: NIT. | H12: =+H11 -> 800.093.816-3
B13: BENEFICIARIO: | C13: =+B3 -> CONSEJO SUPERIOR DE LA JUDICATURA | G13: NIT. | H13: =+H11 -> 800.093.816-3
B14: NOTA: | C14: CADA SUBLÍMITE O GASTOS OFRECIDOS EN FORMA ADICIONAL QUEDA CONTEMPLADO DENTRO DEL LÍMITE ASEGURADO.
B15: CRITERIOS DE EVALUACIÓN:
B16: CONDICIÓN REQUERIDA PARA EVALUACIÓN | D16: PUNTOS | E16: CRITERIO DE EVALUACIÓN | F16: PUNTAJE ESTABLECIDO | G16: OFRECIMIENTO DEL OFERENTE | H16: PUNTAJE OBTENIDO POR EL OFERENTE
B17: ANTICIPO DE INDEMNIZACIÓN DEL 50%. NOTA: Si el aumento adicional del porcentaje de anticipo es condicionado a la demostración de la ocurrencia y cuantía, se califica con cero (0) puntos este factor. Se califica porcentajes adicionales superior al 10% | E17: Se califica el aumento adicional del porcentaje ofrecido. Bajo la definición del texto de la condición obligatoria y sin estar condicionada a la demostración de ocurrencia y cuantía. | F17: 15
B18: COMPROMISO PARA EL PAGO DE LAS INDEMNIZACIONES Plazo de diez (10) días hábiles. | E18: Se califica el menor número de días hábiles una vez demostrada ocurrencia y cuantía. | F18: 15
B19: MÁXIMO CALIFICACIÓN | F19: =SUM(F17:F18) -> 30 | G19: CALIFICACIÓN DEL OFERENTE | H19: =SUM(H17:H18) -> 0
H20: =+'6. COND ADIC. AUTOMÓVILES'!H26 -> VERSIÓN: OCT 2026

Sheet 6. COND ADIC. AUTOMÓVILES
B3: =+'METODOLOGÍA DE EVALUACIÓN'!B2:G2 -> CONSEJO SUPERIOR DE LA JUDICATURA
B5: EVALUACIÓN DE LAS CONDICIONES TÉCNICAS ADICIONALES
B7: 6. SEGURO DE AUTOMÓVILES
B8: OBJETO DEL SEGURO
B9: Amparar al CONSEJO SUPERIOR DE LA JUDICATURA por los perjuicios que cause patrimonial (daños materiales incluyendo daño emergente y lucro cesante) y extrapatrimonialmnte (incluidos el daño moral, daño fisiológico y daño a la vida en relación), al igual que los daños a bienes o lesiones o muerte a terceros. De igual forma se amparan los daños y/o pérdidas que afecten a los vehículos de su propiedad, bajo tenencia, control o por los que sea legalmente responsable o incluidos aquellos recibidos por parte de otras entidades para el desarrollo misional de la Entidad.
B10: INFORMACIÓN GENERAL:
B11: TOMADOR: | C11: =+B3 -> CONSEJO SUPERIOR DE LA JUDICATURA | G11: NIT. | H11: =+'1. COND ADIC. TRDMC'!G10 -> 800.093.816-3
B12: ASEGURADO: | C12: =+C11 -> CONSEJO SUPERIOR DE LA JUDICATURA | G12: NIT. | H12: =+H11 -> 800.093.816-3
B13: BENEFICIARIO: | C13: =+C11 -> CONSEJO SUPERIOR DE LA JUDICATURA | G13: NIT. | H13: =+H11 -> 800.093.816-3
B14: NOTA: | C14: CADA SUBLÍMITE O GASTOS OFRECIDOS EN FORMA ADICIONAL QUEDA CONTEMPLADO DENTRO DEL LÍMITE ASEGURADO.
B15: CRITERIOS DE EVALUACIÓN:
B16: CONDICIÓN REQUERIDA PARA EVALUACIÓN | E16: CRITERIO DE EVALUACIÓN | F16: PUNTAJE ESTABLECIDO | G16: OFRECIMIENTO DEL OFERENTE | H16: PUNTAJE OBTENIDO POR EL OFERENTE
B17: INCREMENTO DEL LÍMITE BÁSICO PARA LA COBERTURA DE RESPONSABILIDAD CIVIL EXTRACONTRACTUAL EVENTO /AGREGADO ANUAL. Se califica el límite adicional superior a $500.000.000 | E17: Se califica el aumento adicional del límite asegurado. SIN COBRO DE PRIMA ADICIONAL | F17: 10
B18: GASTOS DE TRANSPORTE POR PÉRDIDAS TOTALES (Daños y/o Hurto) (esta condición no aplica para motos y vehiculos pesados.) Limite de $60.000 diarios y hasta (90) días | E18: Se califica el aumento adicional del (incluido el básico) monto de los gastos de transporte. | F18: 4
B19: GASTOS DE BODEGAJE Y/O PARQUEADERO Limite de $15.000.000 (vigencia 6.4.) ANEXO 1. Se califica el límite adicional superior a $500.000 | E19: Se califica el aumento adicional SIN COBRO DE PRIMA ADICIONAL | F19: 4
B20: ANTICIPO DE INDEMNIZACIÓN DEL 80%. NOTA: Si el aumento adicional del porcentaje de anticipo es condicionado a la demostración de la ocurrencia y cuantía, se califica con cero (0) puntos este factor. Se califica porcentajes adicionales superior al 5% | E20: Se califica el aumento adicional del porcentaje ofrecido. Bajo la definición del texto de la condición obligatoria y sin estar condicionada a la demostración de ocurrencia y cuantía. | F20: 5
B21: AMPARO AUTOMÁTICO DE EQUIPOS Y ACCESORIOS Sublímite de $55.000.000 por vehículo y término de 180 días de aviso. Se califica el límite adicional superior a $5.000.000 | E21: Se califica el aumento adicional SIN COBRO DE PRIMA ADICIONAL | F21: 3
B22: GASTOS DE GRÚA PARA VEHÍCULOS DE TERCEROS, AFECTADOS EN ACCIDENTES EN LOS CUALES SEA EVIDENTE LA RESPONSABILIDAD DEL ASEGURADO. Se paga por rembolso el servicio prestado de grúa al tercero. | E22: Se califica el otorgamiento de este servicio. | F22: 2
B23: VEHÍCULO DE REEMPLAZO Acorde con las políticas de la aseguradora. | E23: Se califica el ofrecimiento de este servicio | F23: 1
B24: VERIFICACIÓN CARACTERÍSTICAS DE LOS VEHÍCULOS ASEGURADOS FRENTE A CÓDIGO FASECOLDA Queda entendido, convenido y aceptado que la aseguradora se obliga a validar las características del vehículo asegurado en forma directa o a través de una firma externa especializada en reconocimiento de los vehículos relacionados por la Entidad, con expertos en la materia, tales como: marca, modelo, cilindraje o capacidad, carrocería, líneas, cabinas, y demás que consideren pertinentes, de tal forma que correspondan en un todo con el código exacto de FASECOLDA. Esta condición no aplica para vehículos con valor admitido. | E24: Se califica el ofrecimiento de este servicio | F24: 1
B25: MÁXIMO CALIFICACIÓN | F25: =SUM(F17:F24) -> 30 | G25: CALIFICACIÓN DEL OFERENTE | H25: =SUM(H17:H24) -> 0
H26: =+'3. COND ADIC. RCE'!H32 -> VERSIÓN: OCT 2026

Sheet 7. SOAT
B3: =+'METODOLOGÍA DE EVALUACIÓN'!B2:G2 -> CONSEJO SUPERIOR DE LA JUDICATURA
B5: EVALUACIÓN DE LAS CONDICIONES TÉCNICAS ADICIONALES
B7: 7. SEGURO OBLIGATORIO POR ACCIDENTES DE TRANSITO -SOAT
B8: OBJETO DEL SEGURO
B9: Amparar a todos los vehículos de propiedad del CONSEJO SUPERIOR DE LA JUDICATURA (CSJ), bajo su responsabilidad, tenencia, control relacionados en el listado del parque automotor, por los riesgos establecidos en las disposiciones legales que reglamentan este seguro para garantizar la atención médica inmediata y cubrir gastos de lesiones o muerte de conductores, pasajeros y peatones en accidentes de tránsito. En concordancia con la Ley 33 de 1986 y demás modificaciones legales del mismo.
B10: INFORMACIÓN GENERAL:
B11: TOMADOR: | C11: =+B3 -> CONSEJO SUPERIOR DE LA JUDICATURA | G11: NIT. | H11: =+'1. COND ADIC. TRDMC'!G10 -> 800.093.816-3
B12: ASEGURADO: | C12: =+B3 -> CONSEJO SUPERIOR DE LA JUDICATURA | G12: NIT. | H12: =+H11 -> 800.093.816-3
B13: BENEFICIARIO: | C13: PERSONAS AFECTADAS | G13: NIT.
B14: NOTA: | C14: CADA SUBLÍMITE O GASTOS OFRECIDOS EN FORMA ADICIONAL QUEDA CONTEMPLADO DENTRO DEL LÍMITE ASEGURADO.
B15: CRITERIOS DE EVALUACIÓN:
B16: NO APLICAN CONDICIONES ADICIONALES
H18: =+'6. COND ADIC. AUTOMÓVILES'!H26 -> VERSIÓN: OCT 2026

Sheet 8. COND ADIC. RCSP
B3: =+'METODOLOGÍA DE EVALUACIÓN'!B2:G2 -> CONSEJO SUPERIOR DE LA JUDICATURA
B5: EVALUACIÓN DE LAS CONDICIONES TÉCNICAS ADICIONALES
B7: 8. SEGURO DE RESPONSABILIDAD CIVIL SERVIDORES PÚBLICOS O FUNCIONARIOS CON REGIMENES DE RESPONSABILIDAD SIMILARES AL DE LOS SERVIDORES PÚBLICOS
B8: OBJETO DEL SEGURO
B9: Amparar los perjuicios patrimoniales causados a terceros y/o al CONSEJO SUPERIOR DE LA JUDICATURA, provenientes de la responsabilidad civil de los servidores públicos y/o funcionarios con regímenes de responsabilidad similares a los de los servidores públicos, en el desempeño de las funciones de los cargos asegurados, por toda acción u omisión, correcta o incorrecta, culposa, real o presunta, así como los perjuicios que les sean imputable y los ocasionados por juicios de responsabilidad fiscal.
B10: Amparar los gastos de defensa (tales como, pero sin limitarse a: honorarios profesionales de abogados defensores, gastos y costas procesales y cauciones judiciales) según los límites por etapas procesales establecidos en este documento, en todo tipo de procesos, incluidos, pero sin limitarse a: procesos fiscales, procesos disciplinarios, procesos penales siempre que se trate de delitos no dolosos, procesos civiles, procesos administrativos (incluidos los de reparación directa); indagaciones, investigaciones preliminares, procesos internos y cualquier otro en los que se discuta la responsabilidad correspondiente a los cargos asegurados y en general los incurridos para defenderse en cualquier tipo de investigación o proceso adelantados por organismos oficial de vigilancia y control o entes de investigación según los límites por: tipos de procesos y etapas procesales establecidos en este documento.
B11: INFORMACIÓN GENERAL:
B12: TOMADOR: | C12: =+B3 -> CONSEJO SUPERIOR DE LA JUDICATURA | G12: NIT. | H12: =+'1. COND ADIC. TRDMC'!G10 -> 800.093.816-3
B13: ASEGURADO: | C13: CONSEJO SUPERIOR DE LA JUDICATURA Y/O CARGOS ASEGURADOS | G13: NIT. | H13: =+H12 -> 800.093.816-3
B14: BENEFICIARIO: | C14: CONSEJO SUPERIOR DE LA JUDICATURA Y/O CARGOS ASEGURADOS Y/O TERCEROS AFECTADOS | G14: NIT. | H14: =+H12 -> 800.093.816-3
B15: NOTA: | C15: CADA SUBLÍMITE O GASTOS OFRECIDOS EN FORMA ADICIONAL QUEDA CONTEMPLADO DENTRO DEL LÍMITE ASEGURADO.
B16: CRITERIOS DE EVALUACIÓN:
B17: CONDICIÓN REQUERIDA PARA EVALUACIÓN | E17: CRITERIO DE EVALUACIÓN | F17: PUNTAJE ESTABLECIDO | G17: OFRECIMIENTO DEL OFERENTE | H17: PUNTAJE OBTENIDO POR EL OFERENTE
B18: INCREMENTO DEL LÍMITE BÁSICO PARA LA COBERTURA DE PERJUICIOS O DETRIMENTO PATRIMONIAL. | E18: Se califica el aumento adicional del límite asegurado, únicamente relacionados en la tabla, salvo que sea superior al último valor para lo cual se calificara con el mayor puntaje de la tabla y los demás por regla de tres. SIN COBRO DE PRIMA | F18: 4
B19: Límite de $4.000.000.000 vigencia 8.4. ANEXO 1. Incluido los Gastos de Defensa. NOTA: Solo se acepta propuesta en los límites señados en los siguientes rangos. Ofrecimientos de otros valores diferentes serán evaluados con cero (0) puntos), excepto que sea superior al último rango. | D19: PUNTOS
B20: Ofrecimiento adicional de $300.000.000 al límite básico. | D20: 1
B21: Ofrecimiento adicional de $600.000.000 al límite básico. | D21: 2
B22: Ofrecimiento adicional de $900.000.000 al límite básico. | D22: 3
B23: Ofrecimiento adicional superior a $900.000.000 | D23: 4
B24: INCREMENTO DEL LÍMITE BÁSICO PARA LA COBERTURA DE GASTOS DE DEFENSA. | E24: Se califica el aumento adicional del límite asegurado, únicamente relacionados en la tabla, salvo que sea superior al último valor para lo cual se calificara con el mayor puntaje de la tabla y los demás por regla de tres. SIN COBRO DE PRIMA | F24: =+D30 -> 15
B25: Límite de $2.500.000.000 vigencia 8.4. ANEXO 1. Incluidos en el límite de Perjuicios o Detrimento Patrimonial sin cobro de prima. NOTA: Solo se acepta propuesta en los límites señados en los siguientes rangos. Ofrecimientos de otros valores diferentes serán evaluados con cero (0) puntos), excepto que sea superior al último rango. | D25: PUNTOS
B26: Ofrecimiento adicional de $100.000.000 al límite básico. | D26: 3
B27: Ofrecimiento adicional de $300.000.000 al límite básico. | D27: 5
B28: Ofrecimiento adicional de $500.000.000 al límite básico. | D28: 9
B29: Ofrecimiento adicional de $800.000.000 al límite básico. | D29: 12
B30: Ofrecimiento adicional superior a $1.000.000.000 al límite básico. | D30: 15
B31: INCREMENTO DEL SUBLÍMITE DE GASTOS DE DEFENSA EN LOS PROCESOS DE INDAGACIÓN O INVESTIGACIONES PRELIMINARES o INDAGACIONES PREVIAS Y EN LA VINCULACIÓN PROCESAL HASTA FALLO QUE HAGA TRANSITO A COSA JUZGADA Incluidos en el límite de Perjuicios o Detrimento Patrimonial sin cobro de prima. | E31: Se califica el aumento adicional del límite para los gastos de defensa conforme los valores indicados en la tabla, salvo que sea superior al último valor para lo cual se calificara con el mayor puntaje de la tabla y los demás por regla de tres. SIN COBRO DE PRIMA | F31: =+D37 -> 9
B32: SUBLÍMITE POR CARGO ASEGURADO
B33: El sublímite ofertado debe ser una cifra única aplicable para cada uno de los cargos asegurados | D33: PUNTOS
B34: Límite adicional al básico: $30.000.000 vigencia 8.4. ANEXO 1. | D34: 1
B35: Límite adicional al básico: $50.000.000 vigencia 8.4. ANEXO 1. | D35: 3
B36: Límite adicional al básico: $70.000.000 vigencia 8.4. ANEXO 1. | D36: 6
B37: Límite adicional superior a: $100.000.000 vigencia 8.4. ANEXO 1. | D37: 9
B38: ANTICIPO DE INDEMNIZACIÓN PARA EL PAGO DE HONORARIOS DEL 50%. NOTA: Si el aumento adicional del porcentaje de anticipo es condicionado a la demostración de la ocurrencia y cuantía, se califica con cero (0) puntos este factor. Se califica porcentajes adicionales superior al 10% | E38: Se califica el aumento adicional del porcentaje ofrecido. Bajo la definición del texto de la condición obligatoria y sin estar condicionada a la demostración de ocurrencia y cuantía. | F38: 1
B39: NOTIFICACIÓN DE HECHOS O CIRCUNSTANCIAS. Si durante la vigencia de la póliza o del periodo extendido de reclamaciones, un asegurado o la entidad tomadora tuvieren conocimiento de cualquier hecho o circunstancia que razonablemente pudiera dar lugar en el futuro, a un siniestro o a generar una reclamación, los asegurados y/o la entidad tomadora, según fuere el caso, darán aviso a la compañía de seguros antes de la terminación de la vigencia de la póliza. En caso que con posterioridad a la terminación de la vigencia de la póliza efectivamente se formalice una reclamación derivada de los hechos o circunstancias que fueron notificados a la compañía de seguros en la forma establecida en esta cláusula, dicha reclamación se considerará presentada por primera vez en el mismo momento en que los hechos y circunstancias que la originaron fueron debidamente notificados o avisados a la aseguradora, razón por la cual la cobertura procederá bajo la póliza que se encontraba vigente en ese momento. | E39: Se califica el otorgamiento de esta condición | F39: 1
B40: MÁXIMO CALIFICACIÓN | F40: =SUM(F18:F39) -> 30 | G40: CALIFICACIÓN DEL OFERENTE | H40: =SUM(H18:H38) -> 0
H41: =+'METODOLOGÍA DE EVALUACIÓN'!G10 -> VERSIÓN: OCT 2026

Sheet 9 COND ADIC. IRF
B3: =+'METODOLOGÍA DE EVALUACIÓN'!B2:G2 -> CONSEJO SUPERIOR DE LA JUDICATURA
B5: EVALUACIÓN DE LAS CONDICIONES TÉCNICAS ADICIONALES
B7: 9. SEGURO DE INFIDELIDAD Y RIESGOS FINANCIEROS
B8: OBJETO DEL SEGURO
B9: Amparar al CONSEJO SUPERIOR DE LA JUDICATURA las pérdidas, gastos y daños como consecuencia de actos deshonestos o fraudulentos cometidos por empleados del asegurado, solos o en concurso con otros, o con terceros, con la intención manifiesta de hacer que el asegurado sufra dicha pérdida. Se extienen el objeto del seguro a amparar el patrimonio del asegurado por la pérdida o daños de bienes propios y no propios por los cuales el Asegurado sea responsable tales como dineros efectivo y dinero en todas sus formas y representaciones, títulos valores y cualquier documento y forma material o inmaterial de representación de dinero, como consecuencia de los riesgos a que está expuesto el Asegurado en el giro normal de su actividad social.
B10: INFORMACIÓN GENERAL:
B11: TOMADOR: | C11: =+B3 -> CONSEJO SUPERIOR DE LA JUDICATURA | G11: NIT. | H11: =+'1. COND ADIC. TRDMC'!G10 -> 800.093.816-3
B12: ASEGURADO: | C12: =+C11 -> CONSEJO SUPERIOR DE LA JUDICATURA | G12: NIT. | H12: =+H11 -> 800.093.816-3
B13: BENEFICIARIO: | C13: =+C11 -> CONSEJO SUPERIOR DE LA JUDICATURA | G13: NIT. | H13: =+H11 -> 800.093.816-3
B14: NOTA: | C14: CADA SUBLÍMITE O GASTOS OFRECIDOS EN FORMA ADICIONAL QUEDA CONTEMPLADO DENTRO DEL LÍMITE ASEGURADO.
B15: CRITERIOS DE EVALUACIÓN:
B16: CONDICIÓN REQUERIDA PARA EVALUACIÓN | E16: CRITERIO DE EVALUACIÓN | F16: PUNTAJE ESTABLECIDO | G16: OFRECIMIENTO DEL OFERENTE | H16: PUNTAJE OBTENIDO POR EL OFERENTE
B17: INCREMENTO DEL LÍMITE ASEGURADO $3.000.000.000 (vigencia 10.4.) ANEXO 1. Se califica el límite adicional superior a $500.000.000 | E17: Se califica el aumento adicional del LÍMITE ASEGURADO SIN COBRO DE PRIMA ADICIONAL | F17: 20
B18: ANTICIPO DE INDEMNIZACIÓN DEL 50%. NOTA: Si el aumento adicional del porcentaje de anticipo es condicionado a la demostración de la ocurrencia y cuantía, se califica con cero (0) puntos este factor. Se califica porcentajes adicionales superior al 10% | E18: Se califica el aumento adicional del porcentaje ofrecido. Bajo la definición del texto de la condición obligatoria y sin estar condicionada a la demostración de ocurrencia y cuantía. | F18: 5
B19: BONO POR NO RECLAMACIÓN DIEZ (10%) POR CIENTO Está entendido y acordado que se otorga un descuento 10% de bono por no reclamación, pagadero a la expiración como devolución de prima bruta. Queda expresamente convenido y aceptado que la aseguradora efectuará el pago de la devolución del monto a que tenga derecho la entidad asegurada, por concepto de la Cláusula de Bono por no Reclamación, sin sujetar el mismo a la renovación y/o prórroga de la póliza, con la misma aseguradora y/o reaseguradores siempre y cuando la vigencia sea mínimo de un año. De igual forma se acuerdo que la aseguradora presentará a la entidad asegurada la liquidación de la devolución correspondiente, dentro de los treinta (30) días siguientes a la fecha de vencimiento de cada período anual de la vigencia de la póliza previa certificación expedida por el asegurado a la expiración de la póliza de no conocimiento de hechos o circunstancias que puedan afectar la póliza. “Lo anterior sujeto a carta de liberación de responsabilidad por parte del asegurado”. | E19: Se califica el otorgamiento de Bono por No reclamación | F19: 3
B20: OFRECIMIENTO DE ESTUDIO DE RIESGOS CON COSTO A CARGO DE LA ASEGURADORA (SURVEY) Las recomendaciones, sugerencias y/o demás aspectos que se deriven del resultado de este estudio, no generarán exigencia de implementación de medidas de prevención y/o control de riesgo, aplicación de garantías o cualquier tipo de compromiso para el asegurado, así como la modificación de las condiciones ofertadas. El estudio deberá realizarse dentro de la vigencia de la póliza, el cronograma en el que se indiquen las actividades que desarrollará para tal efecto y los funcionarios y/o firma externa que llevarán a cabo las mismas. | E20: Se califica el otorgamiento del Estudio de Riesgos | F20: 2
B21: MÁXIMO CALIFICACIÓN | F21: =SUM(F17:F20) -> 30 | G21: CALIFICACIÓN DEL OFERENTE | H21: =SUM(H18:H20) -> 0
H22: =+'METODOLOGÍA DE EVALUACIÓN'!G10 -> VERSIÓN: OCT 2026

Sheet 10. COND ADIC. RIESGO CYB
B3: =+'METODOLOGÍA DE EVALUACIÓN'!B2:G2 -> CONSEJO SUPERIOR DE LA JUDICATURA
B5: EVALUACIÓN DE LAS CONDICIONES TÉCNICAS ADICIONALES
B7: 10. SEGURO DE RESPONSABILIDAD CIVIL PROTECCIÓN DE DATOS (RIESGO CIBERNÉTICO)
B8: OBJETO DEL SEGURO
B9: Amparar al CONSEJO SUPERIOR DE LA JUDICATURA contra los riesgos cibernéticos que afecten la confidencialidad, integridad y disponibilidad de su infraestructura tecnológica y de la información bajo su custodia. La cobertura se extiende a los perjuicios patrimoniales, daños materiales o inmateriales, pérdidas directas y cualquier gasto o costo incurrido con ocasión de un evento cibernético, así como a las reclamaciones de terceros.
B10: INFORMACIÓN GENERAL:
B11: TOMADOR: | C11: =+B3 -> CONSEJO SUPERIOR DE LA JUDICATURA | G11: NIT. | H11: =+'1. COND ADIC. TRDMC'!G10 -> 800.093.816-3
B12: ASEGURADO: | C12: =+C11 -> CONSEJO SUPERIOR DE LA JUDICATURA | G12: NIT. | H12: =+H11 -> 800.093.816-3
B13: BENEFICIARIO: | C13: =+C11 -> CONSEJO SUPERIOR DE LA JUDICATURA | G13: NIT. | H13: =+H11 -> 800.093.816-3
B14: NOTA: | C14: CADA SUBLÍMITE O GASTOS OFRECIDOS EN FORMA ADICIONAL QUEDA CONTEMPLADO DENTRO DEL LÍMITE ASEGURADO.
B15: CRITERIOS DE EVALUACIÓN:
B16: CONDICIÓN REQUERIDA PARA EVALUACIÓN | E16: CRITERIO DE EVALUACIÓN | F16: PUNTAJE ESTABLECIDO | G16: OFRECIMIENTO DEL OFERENTE | H16: PUNTAJE OBTENIDO POR EL OFERENTE
B17: INCREMENTO DEL LÍMITE BÁSICO DE $20.000.000.000 (vigencia 10.4. ANEXO 1) ANEXO 1.PARA LA COBERTURA DE RESPONSABILIDAD CIVIL PROTECCIÓN DE DATOS - RIESGO CIBERNÉTICO. NOTA: Solo se acepta propuesta en los límites señados en los siguientes rangos. Ofrecimientos de otros valores diferentes serán evaluados con cero (0) puntos), excepto que sea superior al último rango. Se califica sublímites adicionales superiores a $200.000.000 | E17: Se califica el aumento adicional del límite asegurado. SIN COBRO DE PRIMA ADICIONAL | F17: 9
B18: INVESTIGACIÓN Sublimite del 50% del valor asegurado por reclamo y en la vigencia. Se califica porcentajes adicionales superior al 10% | E18: Se califica el aumento adicional del porcentaje ofrecido. | F18: 3
B19: NOTIFICACIÓN Y MONITOREO Sublimite del 50% del valor asegurado por reclamo y en la vigencia. Se califica porcentajes adicionales superior al 10% | E19: Se califica el aumento adicional del porcentaje ofrecido. | F19: 3
B20: DATOS ELECTRÓNICOS Sublimite del 50% del valor asegurado por reclamo y en la vigencia. Se califica porcentajes adicionales superior al 10% | E20: Se califica el aumento adicional del porcentaje ofrecido. | F20: 3
B21: CONTENIDO MULTIMEDIA Sublimite del 50% del valor asegurado por reclamo y en la vigencia. Se califica porcentajes adicionales superior al 10% | E21: Se califica el aumento adicional del porcentaje ofrecido. | F21: 3
B22: INTERRUPCIÓN DE LA RED Sublimite del 50% del valor asegurado por reclamo y en y en el agregado anual. Se califica porcentajes adicionales superior al 10% | D22: PUNTOS | E22: Se califica el aumento adicional del porcentaje ofrecido. | F22: 3
B23: INTERRUPCIÓN DE LA RED Periodo de horas de espera: 6 horas. | D23: PUNTOS | E23: Se califica la disminución de este periodo en horas. | F23: =+D27 -> 3
B24: Reducción menor a 5 horas y hasta 4 horas | D24: 0.5
B25: Reducción menor a 4 horas y hasta 3 horas | D25: 1
B26: Reducción menor a 3 horas y hasta 2 horas | D26: 2
B27: Reducción menor a 2 horas | D27: 3
B28: ANTICIPO DE INDEMNIZACIÓN DEL 50%. NOTA: Si el aumento adicional del porcentaje de anticipo es condicionado a la demostración de la ocurrencia y cuantía, se califica con cero (0) puntos este factor. Se califica porcentajes adicionales superior al 10% | D28: PUNTOS | E28: Se califica el aumento adicional del porcentaje ofrecido. Bajo la definición del texto de la condición obligatoria y sin estar condicionada a la demostración de ocurrencia y cuantía. | F28: 3
B29: MÁXIMO CALIFICACIÓN | F29: =SUM(F17:F28) -> 30 | G29: CALIFICACIÓN DEL OFERENTE | H29: =SUM(H17:H28) -> 0
H30: =+'METODOLOGÍA DE EVALUACIÓN'!G10 -> VERSIÓN: OCT 2026

Sheet 11. COND VIDA LEY 16
B3: =+'METODOLOGÍA DE EVALUACIÓN'!B2 -> CONSEJO SUPERIOR DE LA JUDICATURA
B5: =+'9 COND ADIC. IRF'!B5 -> EVALUACIÓN DE LAS CONDICIONES TÉCNICAS ADICIONALES
B7: 11. SEGURO DE VIDA GRUPO LEY 16 DE 1988
B8: OBJETO DEL SEGURO
B9: Amparar la muerte o incapacidad permanente de los funcionarios y empleados de la RAMA JUDICIAL, por causa o con ocasión de hechos violentos en el ejercicio de sus funciones, en cumplimiento a lo previsto en la Ley 16 de 1988.
B10: INFORMACIÓN GENERAL:
B11: TOMADOR: | C11: =+B3 -> CONSEJO SUPERIOR DE LA JUDICATURA | G11: NIT. | H11: =+'9 COND ADIC. IRF'!H11 -> 800.093.816-3
B12: ASEGURADO: | C12: EMPLEADOS Y/O FUNCIONARIOS Y/O SERVIDORES PÚBLICOS DE LA RAMA JUDICIAL | G12: NIT. | H12: =+H11 -> 800.093.816-3
B13: BENEFICIARIO: | C13: BENEFICIARIOS DESIGNADOS O LOS DE LEY | G13: NIT.
B14: NOTA: | C14: CADA SUBLÍMITE OFRECIDO EN FORMA ADICIONAL QUEDA CONTEMPLADO DENTRO DEL LÍMITE ASEGURADO.
B15: CRITERIOS DE EVALUACIÓN:
B16: CONDICIÓN REQUERIDA PARA EVALUACIÓN | E16: CRITERIO DE EVALUACIÓN | F16: PUNTAJE ESTABLECIDO | G16: OFRECIMIENTO DEL OFERENTE | H16: PUNTAJE OBTENIDO POR EL OFERENTE
B17: Incremento del valor asegurado para el amparo de VIDA. Se califica el límite adicional al básico a partir de 5 SMMLV. | E17: Se califica el aumento adicional del límite asegurado. SIN COBRO DE PRIMA | F17: 2.5
B18: Incremento del valor asegurado para el amparo de INCAPACIDAD PERMANENTE PARCIAL. Se califica el límite adicional al básico a partir de 5 SMMLV. | E18: Se califica el aumento adicional del límite asegurado. SIN COBRO DE PRIMA | F18: 2.5
B19: Incremento del valor asegurado para el amparo de INCAPACIDAD PERMANENTE TOTAL. Se califica el límite adicional al básico a partir de 5 SMMLV. | D19: PUNTOS | E19: Se califica el aumento adicional del límite asegurado. SIN COBRO DE PRIMA | F19: 2.5
B20: Incremento del valor asegurado para el amparo de GRAN INVALIDEZ. Se califica el límite adicional al básico a partir de 5 SMMLV. | D20: PUNTOS | E20: Se califica el aumento adicional del límite asegurado. SIN COBRO DE PRIMA | F20: 2.5
B21: Incremento del valor asegurado para el amparo de AUXILIO FUNERARIO. Se califica el límite adicional al básico a partir de 3 SMMLV. | D21: PUNTOS | E21: Se califica el aumento adicional del límite asegurado. SIN COBRO DE PRIMA | F21: 2.5
B22: Incremento del valor asegurado para el amparo de GASTOS FUNERARIOS. Se califica el límite adicional al básico a partir de 1,5 SMMLV. | D22: PUNTOS | E22: Se califica el aumento adicional del límite asegurado. SIN COBRO DE PRIMA | F22: 2.5
B23: OTORGAMIENTO DE COBERTURA PARA EVENTOS DE MUERTE NATURAL ANUALES, con el mismo valor asegurado del amparo de muerte accidental establecido en el Anexo 1, de acuerdo con la siguiente tabla: | D23: PUNTOS | E23: Se califica el número de casos por MUERTE NATURAL ANUALES otorgados. Unicamente referenciados con la tabla de eventos. | F23: 10
B24: 50 Casos de muerte natural | D24: 1
B25: Superior a 50 casos y hasta 100 Casos | D25: 2
B26: Superior a 100 casos y hasta 200 Casos | D26: 4
B27: Superior a 200 casos y hasta 300 Casos | D27: 6
B28: Superior a 300 casos y hasta 400 Casos | D28: 8
B29: Superior a 400 Casos | D29: 10
B30: OTORGAMIENTO DE SERVICIOS Y GASTOS EXEQUIALES POR MUERTE DE ORIGEN NATURAL DEL FUNCIONARIO DE DIEZ (10) SMMLV. Queda convenido y aceptado que aseguradora garantizar la prestación de los servicios funerarios o asumir los gastos inherentes al fallecimiento de cualquiera de las personas aseguradas bajo el contrato. Se extiende esta condición a que la aseguradora brinde el servicio a través de sus operadores funerarios. En el evento que el usuario no emplee este servicio, la aseguradora pagará a los beneficiarios 10 SMMLV. | E30: Se califica el otorgamiento de la condición | F30: 5
B31: MÁXIMO CALIFICACIÓN | F31: =SUM(F17:F30) -> 30 | G31: CALIFICACIÓN DEL OFERENTE | H31: =SUM(H17:H30) -> 0
H32: =+'10. COND ADIC. RIESGO CYB'!H30 -> VERSIÓN: OCT 2026
